 Dungeon Crawl Stone Soup version 0.31-a0-152-g6aa68a64a1 (webtiles) character file.

Game seed: 1322860004668439010

18 Ijustatesigmund the Stinger (level 2, -6/18 HPs)
             Began as an Octopode Venom Mage on June 9, 2023.
             Mangled by a gnoll
             ... wielding a +0 club
              (8 damage)
             ... on level 1 of the Dungeon.
             The game lasted 00:01:37 (805 turns).

Ijustatesigmund the Stinger (Octopode Venom Mage)    Turns: 805, Time: 00:01:38

Health: -6/18      AC:  1    Str:  7    XL:     2   Next: 70%
Magic:  3/5        EV: 13    Int: 17    God:
Gold:   12         SH:  0    Dex: 12    Spells: 2/5 levels left

rFire   . . .        d - +0 mace
rCold   . . .        (no shield)
rNeg    . . .        (helmet restricted)
rPois   .            (no amulet)
rElec   .            (no ring)
rCorr   .            (no ring)
SInv    .            (no ring)
Will    +....        (no ring)
Stlth   +++          (no ring)
HPRegen 0.23/turn    (no ring)
MPRegen 0.09/turn    (no ring)
                     (no ring)

%: no passive effects
@: no status effects
A: almost no armour, amphibious, 8 rings, camouflage 1, gelatinous body 1,
(nimble swimmer 1), tentacles, tentacle spike 1, strong-willed 1, subdued magic
1
a: no special abilities


You were on level 1 of the Dungeon.
You visited 1 branch of the dungeon, and saw 1 of its levels.

You collected 48 gold pieces.
You spent 36 gold pieces at shops.

Inventory:

Hand Weapons
 d - a +0 mace (weapon)
Missiles
 j - a throwing net
Magical Staves
 f - a staff of conjuration
Jewellery
 c - a +6 ring of strength
Scrolls
 g - a scroll of blinking {unknown}
 i - a scroll of identify {unknown}
Potions
 a - a potion of magic
 b - a potion of lignification {unknown}
 h - a potion of resistance {unknown}


   Skills:
 + Level 0.8 Fighting
 - Level 2.0 Dodging
 - Level 2.6 Stealth
 + Level 2.3 Spellcasting
 - Level 1.2 Transmutations
 + Level 0.4 Air Magic
 + Level 3.9 Poison Magic


You had 2 spell levels left.
You knew the following spells:

 Your Spells              Type           Power      Damage    Failure   Level
a - Sting                 Tmut/Pois      32%        1d4       4%          1
b - Poisonous Vapours     Pois/Air       14%        N/A       10%         2

Your spell library contained the following spells:

 Spells                   Type           Power      Damage    Failure   Level
 Mephitic Cloud           Conj/Pois/Air  5%         N/A       26%         3
 Olgreb's Toxic Radiance  Pois           11%        N/A       32%         4


Dungeon Overview and Level Annotations

Branches:
Dungeon (1/15)

Altars:

Shops:
D:1 *


Innate Abilities, Weirdness & Mutations

You cannot wear most types of armour.
You are amphibious.
You can wear up to eight rings at the same time.
Your skin changes colour to match your surroundings (Stealth+).
Your rubbery body absorbs attacks. (AC +1, EV +1)
((You are camouflaged when in or above water. (Stealth+)))
You have tentacles for arms and can constrict up to eight enemies at once.
One of your tentacles bears a spike.
You are strong-willed. (Will+)
Your spells are a little easier to cast, but a little less powerful.


Message History

Aim: a bat (asleep) Poisonous vapours surround the bat!
The bat is poisoned.
Found a stone staircase leading down.
The bat barely misses you.
You closely miss the bat. Your grab misses the bat. The bat hits you.
You miss the bat. Your grab misses the bat.
The bat is heavily wounded.
You kill the bat!
No target in view!
No target in view!
No target in view!
No target in view!
No target in view!
No target in view!
A gnoll comes into view. It is wielding a +0 club.
Casting: Poisonous Vapours (safe; 12% risk of failure)
Confirm with . or Enter, or press ? or * to list all spells.
Aiming: Poisonous Vapours (safe; 12% risk of failure)
Press: ? - help, Dir - move target, f - gnoll
Aim: a gnoll, wielding a +0 club (asleep) Poisonous vapours surround the gnoll!
The gnoll is poisoned.
You hit the gnoll. You grab the gnoll. Your squeeze misses the gnoll.
The gnoll is lightly wounded.
You constrict the gnoll. The gnoll hits you with a +0 club!
Ouch! That really hurt!
You are too injured to fight recklessly!
You are too injured to fight recklessly!
You are too injured to fight recklessly!
You are too injured to fight recklessly!
You are too injured to fight recklessly!
You hit the gnoll.
The gnoll is heavily wounded.
You constrict the gnoll. The gnoll hits you with a +0 club.
* * * LOW HITPOINT WARNING * * *
The gnoll misses you.
It was a potion of mutation.
You feel extremely strange.
One of your lower tentacles grows a sharp spike.
Your connection to magic feels subdued.
You feel strong-willed.
You constrict the gnoll, but do no damage.
The gnoll hits you with a +0 club!
You die...

#...#......###.######.#######
#...#......#................#
#...#......#.#.######.#####.#
#......#.#.# #........
#......#.#.# #######.#
#........#.# #.# #
##.#...†.#.# #.# #
#.##....#.############.# #
#......@#.#............# #
#.......g.#.############ #
#.........#.# ..........>#.#
...###.#.#.#.# #. ?...#.###
#..#.#.# .....#.#


You could see a gnoll (poisoned).

Vanquished Creatures
  An endoplasm (D:1)
  3 giant cockroaches (D:1)
  3 hobgoblins (D:1)
  2 kobolds (D:1)
  A ball python (D:1)
  2 bats (D:1)
  3 frilled lizards (D:1)
  3 rats (D:1)
18 creatures vanquished.

Notes
Turn   | Place    | Note
-------+----------+-------------------------------------------
     0 | D:1      | Ijustatesigmund the Octopode Venom Mage began the quest for
                  | the Orb.
     0 | D:1      | Reached XP level 1. HP: 11/11 MP: 3/3
   279 | D:1      | Reached XP level 2. HP: 17/18 MP: 5/5
   282 | D:1      | Learned a level 2 spell: Poisonous Vapours
   500 | D:1      | Found Zaode's Assorted Antiques.
   507 | D:1      | Bought a scroll labelled SIATRE CYMMUNT for 19 gold pieces
   507 | D:1      | Bought a glowing orange potion for 17 gold pieces
   805 | D:1      | Gained mutation: One of your tentacles bears a spike.
                  | [potion of mutation]
   805 | D:1      | Gained mutation: Your spells are a little easier to cast,
                  | but a little less powerful. [potion of mutation]
   805 | D:1      | Gained mutation: You are strong-willed. (Will+) [potion of
                  | mutation]
   805 | D:1      | Mangled by a gnoll

Illustrated notes

Levels and vault maps discovered:
D:1:      matt_arrival_spirals, layout_basic, serial_shops, nicolae_diamond_shop

Action                     || total
---------------------------++-------
  Melee: Unarmed           ||    15
         Tentacles         ||     8
         Constrict         ||     9
         Mace              ||    22
   Cast: Sting             ||     7
         Poisonous Vapours ||     7
    Use: Potion            ||     1
   Stab: Sleeping          ||     1
 Armour: Skin              ||     3
  Dodge: Dodged            ||    29

Table legend: (Time is in decaauts)
 A = Elapsed time spent in this place.
 B = Non-inter-level travel time spent in this place.
 C = Inter-level travel time spent in this place.
 D = Time resting spent in this place.
 E = Time spent auto-exploring this place.
 F = Levels seen in this place.
 G = Mean time per level.
                   A        B        C        D        E       F      G
               +--------+--------+--------+--------+--------+-----+--------+
         Total |    813 |    813 |      0 |      2 |    665 |   1 |  813.0 |
       Dungeon |    813 |    813 |      0 |      2 |    665 |   1 |  813.0 |
               +--------+--------+--------+--------+--------+-----+--------+

Top non-repeatable levels by time:
     D:1: 813 daAuts
